 Dungeon Crawl Stone Soup version 0.24-a0-630-g0d56a85 (console) character file.

Game seed: 4110365186317530199, levelgen mode: deterministic

719 vegansnacktivist the Digger (level 7, -5/49 HPs)
             Began as an Octopode Earth Elementalist on Sept 20, 2019.
             Was an Initiate of Okawaru.
             Killed from afar by an orc wizard (9 damage)
             ... with a magic dart
             ... on level 5 of the Dungeon.
             The game lasted 00:11:50 (5039 turns).

vegansnacktivist the Digger (OpEE)                  Turns: 5039, Time: 00:11:51

Health: -5/49      AC:  3    Str:  7    XL:     7   Next: 70%
Magic:  8/14       EV: 14    Int: 20    God:    Okawaru [......]
Gold:   147        SH:  0    Dex: 16    Spells: 1/16 levels left

rFire    . . .     SeeInvis +   (no weapon)
rCold    . . .     Gourm    .   (no shield)
rNeg     . . .     Faith    .   n - +2 hat
rPois    .         Spirit   .   o - amulet of harm
rElec    .         Reflect  .   k - +4 ring of dexterity
rCorr    .         Harm     +   u - ring of see invisible
MR       .....                  (no ring)
Stlth    +++.......             (no ring)
HPRegen  0.16/turn              (no ring)
MPRegen  0.14/turn              (no ring)
                                (no ring)
                                (no ring)

@: no status effects
A: almost no armour, stealthy swim, amphibious, 8 rings, constrict 8, camouflage
1, gelatinous body 1
a: Renounce Religion


You were on level 5 of the Dungeon.
You worshipped Okawaru.
Okawaru was noncommittal.
You were hungry.

You visited 2 branches of the dungeon, and saw 6 of its levels.

You collected 147 gold pieces.

Inventory:

Hand Weapons
 g - a +0 dagger of speed
Missiles
 h - 18 stones (quivered)
 p - 28 poisoned darts
Armour
 n - a +2 hat (worn)
Jewellery
 k - a +4 ring of dexterity (left tentacle)
 o - an amulet of harm (around mantle)
 u - a ring of see invisible (right tentacle)
Wands
 r - a wand of digging (3)
Scrolls
 a - 4 scrolls of remove curse {unknown}
 e - 7 scrolls of teleportation {unknown}
 i - 2 scrolls of fear {unknown}
 j - 5 scrolls of identify {unknown}
 t - a scroll of enchant weapon {unknown}
Potions
 b - a potion of brilliance {unknown}
 d - a potion of curing
 f - 2 potions of mutation {unknown}
 l - a potion of cancellation {unknown}
 m - a potion of ambrosia {unknown}
 q - 2 potions of agility {unknown}
 s - a potion of degeneration {unknown}
 v - a potion of might {unknown}
 w - 2 potions of heal wounds {unknown}
Comestibles
 c - 8 rations


   Skills:
 - Level 4.3 Fighting
 - Level 2.0 Dodging
 - Level 2.6 Stealth
 - Level 5.0 Spellcasting
 - Level 1.0 Transmutations
 + Level 5.3 Earth Magic


You had one spell level left.
You knew the following spells:

 Your Spells              Type           Power        Failure   Level  Hunger
a - Sandblast             Erth           ####..       1%          1    None
b - Passwall              Tmut/Erth      ###.....     4%          2    None
c - Stone Arrow           Conj/Erth      ###...       12%         3    ##.....
d - Petrify               Tmut/Erth      ###.....     30%         4    ####...
e - Lee's Rapid Deconstr  Erth           ####......   34%         5    #####..

Your spell library contained the following spells:

 Spells                   Type           Power        Failure   Level  Hunger
 Animate Skeleton         Necr           N/A          12%         1    None
 Magic Dart               Conj           #...         12%         1    None
 Pain                     Necr           #...         12%         1    None
 Searing Ray              Conj           #.....       17%         2    None
 Dazzling Spray           Conj/Hex       #.....       34%         3    ##.....
 Regeneration             Chrm/Necr      #.........   34%         3    ##.....
 Vampiric Draining        Necr           #.........   34%         3    ##.....
 Animate Dead             Necr           N/A          75%         4    ####...
 Force Lance              Conj/Tloc      #.......     75%         4    ####...
 Fulminant Prism          Conj/Hex       #.........   75%         4    ####...
 Iskenderun's Mystic Bla  Conj           #.......     75%         4    ####...


Dungeon Overview and Level Annotations

Branches:
Dungeon (5/15)             Temple (1/1) D:5

Altars:
Ashenzari
Cheibriados
Dithmenos
Elyvilon
Fedhas
Gozag
Kikubaaqudgha
Makhleb
Okawaru
Qazlal
Ru
Sif Muna
Trog
Uskayaw
Vehumet
Xom
Yredelemnul
Zin
The Shining One


Innate Abilities, Weirdness & Mutations

You cannot wear most types of armour.
You are very stealthy in the water. (Stealth+)
You are amphibious.
You can wear up to eight rings at the same time.
You can use your tentacles to constrict eight enemies at once.
Your skin changes colour to match your surroundings (Stealth+).
Your rubbery body absorbs attacks. (AC +1, EV +1)


Message History

The blast of sand hits the worker ant!
The worker ant is almost dead.
h - 18 stones You feel sick.
The worker ant bites you.
* * * LOW HITPOINT WARNING * * *
You are lethally poisoned!
The worker ant poisons you!
Unknown command.
It was a potion of curing.
You feel better.
The worker ant bites you but does no damage.
The crimson imp blinks!
The orc wizard gestures at you while chanting.
The magic dart hits you!
* * * LOW HITPOINT WARNING * * *
The worker ant barely misses you.
You feel better. The worker ant bites you.
* * * LOW HITPOINT WARNING * * *
The orc wizard casts a spell at you. The magic dart hits you!
You die...

# .## .. ..## ## #. ... #..
##.## ..# ...##..$###..#
.........##..######
...................
........o@..#...##
...##.).#a##..#.#.# #
........).........# .#
...#?...).##.[#.#.# #.#
.$...........#....##.# ####
..##.#.5............###...#
. .....#.###.#.##.##.#.#
###.#...# #.#.######.##
#.#.### #.#.# #.#


You could see a worker ant, an orc wizard and a crimson imp.

Vanquished Creatures
  A scorpion (D:3)
  A howler monkey (D:4)
  A centaur zombie (D:5)
  A bullfrog zombie (D:5)
  2 hounds
  3 orc priests
  2 orc wizards (D:4)
  Jessica (D:3)
  2 iguanas (D:4)
  A worker ant (D:5)
  A killer bee zombie (D:5)
  A hound zombie (D:5)
  4 gnolls (D:5)
  5 adders
  2 oozes
  4 worms (D:2)
  4 dart slugs
  4 leopard geckos
  11 orcs
  4 ball pythons
  3 giant cockroaches
  2 gnoll zombies (D:4)
  3 hobgoblins (D:1)
  9 jackals
  4 quokkas
  9 bats
  11 frilled lizards
  6 goblins
  13 kobolds
  12 rats
127 creatures vanquished.

Notes
Turn   | Place    | Note
-------+----------+-------------------------------------------
     0 | D:1      | vegansnacktivist the Octopode Earth Elementalist began the
                  | quest for the Orb.
     0 | D:1      | Reached XP level 1. HP: 11/11 MP: 3/3
    97 | D:1      | Reached XP level 2. HP: 10/17 MP: 0/5
   381 | D:1      | Found a shattered altar of Ashenzari.
   421 | D:1      | Reached XP level 3. HP: 20/21 MP: 0/6
  1441 | D:2      | Reached XP level 4. HP: 11/27 MP: 4/7
  1616 | D:2      | Learned a level 2 spell: Passwall
  1620 | D:2      | Learned a level 3 spell: Stone Arrow
  2038 | D:2      | Reached skill level 5 in Earth Magic
  2678 | D:3      | Found a hide-covered altar of Uskayaw.
  2745 | D:3      | Reached XP level 5. HP: 24/31 MP: 6/8
  2772 | D:3      | Noticed Jessica
  2780 | D:3      | Killed Jessica
  2991 | D:3      | Found a glowing golden altar of the Shining One.
  3300 | D:3      | Reached XP level 6. HP: 5/36 MP: 8/12
  3822 | D:4      | Reached skill level 5 in Spellcasting
  4234 | D:4      | Found a basalt altar of Yredelemnul.
  4274 | D:4      | Reached skill level 1 in Fighting
  4286 | D:4      | Found a shimmering blue altar of Sif Muna.
  4420 | D:4      | Reached XP level 7. HP: 37/45 MP: 9/14
  4557 | D:5      | Entered Level 5 of the Dungeon
  4557 | D:5      | Found a shimmering blue altar of Sif Muna.
  4712 | D:5      | Learned a level 4 spell: Petrify
  4718 | D:5      | Learned a level 5 spell: Lee's Rapid Deconstruction
  4907 | D:5      | Found a staircase to the Ecumenical Temple.
  4919 | Temple   | Entered the Ecumenical Temple
  4974 | Temple   | Became a worshipper of Warmaster Okawaru
  5037 | D:5      | HP: 2/49 [orc wizard/magic dart (12)]
  5039 | D:5      | Killed from afar by an orc wizard

Levels and vault maps discovered:
D:1:      dpeg_arrival_houses_and_road, layout_basic, corexii_corridor_pit,
          evilmike_ruin_ashenzari
D:2:      layout_loops_cross
D:3:      layout_loops_corners, eat_drink_and_be_merry_uskayaw,
          nicolae_tso_swordbearing_angel, kennysheep_jessica_study
D:4:      layout_loops_ring, nicolae_overflow_hidden_temple,
          lemuel_zombie_altar_yredelemnul, first_ration, item_on_display_a
D:5:      layout_loops_ring, minmay_temple_entry_hall, basic_altar,
          fedhas_altar_fruit_tree
Temple:   eino_wide_crystal_templ

Skill      XL: |  1  2  3  4  5  6  7 |
---------------+----------------------+-----
Earth Magic    | 4 5 |  5.3
Spellcasting   | 4 5 |  5.0
Fighting       | 2 4 |  4.3
Dodging        | |  2.0
Stealth        | |  2.6
Transmutations | |  1.0

Action                   |  1- 3 |  4- 6 |  7- 9 || total
-------------------------+-------+-------+-------++-------
Melee: Unarmed           |    48 |    12 |       ||    60
       Constrict         |    16 |     3 |       ||    19
       Tentacles         |     9 |     3 |       ||    12
       Dagger            |     7 |     1 |       ||     8
 Cast: Sandblast         |    39 |    98 |    34 ||   171
       Stone Arrow       |       |     7 |     5 ||    12
  Use: Potion            |       |       |     2 ||     2
 Stab: Sleeping          |     1 |     1 |       ||     2
  Eat: Chunk             |     2 |    10 |     2 ||    14
Armor: Skin              |    14 |     3 |     2 ||    19
Dodge: Dodged            |    70 |    31 |    13 ||   114

Table legend:
 A = Non-vault XP
 B = Vault XP
 C = Vault XP percentage of total XP
 D = Non-vault monster count
 E = Vault monster count
 F = Vault count percentage of total count
                 A         B        C        D         E       F
            +---------+---------+-------+---------+---------+-------
      Total |     986 |      42 |   4.1 |     123 |       4 |   3.1
            +---------+---------+-------+---------+---------+-------
        D:1 |      60 |       0 |   0.0 |      32 |       0 |   0.0
        D:2 |      61 |       0 |   0.0 |      21 |       0 |   0.0
        D:3 |     185 |      39 |  17.4 |      33 |       2 |   5.7
        D:4 |     357 |       3 |   0.8 |      24 |       2 |   7.7
        D:5 |     323 |       0 |   0.0 |      13 |       0 |   0.0
            +---------+---------+-------+---------+---------+-------
